 Dungeon Crawl Stone Soup version 0.25-a0-869-g05d4e06a41 (webtiles) character file.

Game seed: 15602400555361144172, levelgen mode: deterministic

42 Maedhros the Poker (level 3, 0/26 HPs)
             Began as an Octopode Chaos Knight on May 1, 2020.
             Was a Plaything of Xom.
             Slain by an ooze (6 damage)
             ... on level 2 of the Dungeon.
             The game lasted 00:00:47 (1094 turns).

Maedhros the Poker (Octopode Chaos Knight)          Turns: 1094, Time: 00:00:48

Health: 0/26       AC:  1    Str: 11    XL:     3   Next: 56%
Magic:  3/3        EV: 13    Int: 14    God:    Xom [..*...]
Gold:   69         SH:  0    Dex: 12    Spells: 2/2 levels left

rFire    . . .     SeeInvis .   a - +0 spear (chaos)
rCold    . . .     Gourm    .   (no shield)
rNeg     . . .     Faith    .   (helmet restricted)
rPois    .         Spirit   .   (no amulet)
rElec    .         Reflect  .   (no ring)
rCorr    .         Harm     .   (no ring)
MR       .....                  (no ring)
Stlth    ++........             (no ring)
HPRegen  0.08/turn              (no ring)
MPRegen  0.08/turn              (no ring)
                                (no ring)
                                (no ring)

@: no status effects
A: almost no armour, stealthy swim, amphibious, 8 rings, constrict 8, camouflage
1, gelatinous body 1
a: Renounce Religion


You were on level 2 of the Dungeon.
You worshipped Xom.
You were a toy of Xom.
You were hungry.

You visited 1 branch of the dungeon, and saw 2 of its levels.

You collected 69 gold pieces.

Inventory:

Hand Weapons
 a - a +0 spear of chaos (weapon)
Missiles
 j - 18 poisoned darts (quivered)
Wands
 p - a wand of random effects (20)
Scrolls
 c - a scroll of immolation {unknown}
 d - a scroll of identify {unknown}
 h - a scroll of remove curse {unknown}
 l - 2 scrolls of teleportation {unknown}
 o - a scroll of enchant armour {unknown}
Potions
 e - a potion of invisibility {unknown}
 f - a potion of curing {unknown}
 g - a potion of heal wounds {unknown}
 i - a potion of degeneration {unknown}
 k - a potion of haste {unknown}
 m - a potion of mutation {unknown}
 n - 2 potions of lignification {unknown}
Comestibles
 b - 3 rations


   Skills:
 - Level 3.0 Fighting
 + Level 4.5 Polearms
 - Level 2.3 Dodging


You had 2 spell levels left.
You didn't know any spells.
Your spell library was empty.

Dungeon Overview and Level Annotations

Branches:
Dungeon (2/15)

Altars:
Xom


Innate Abilities, Weirdness & Mutations

You cannot wear most types of armour.
You are very stealthy in the water. (Stealth+)
You are amphibious.
You can wear up to eight rings at the same time.
You can use your tentacles to constrict eight enemies at once.
Your skin changes colour to match your surroundings (Stealth+).
Your rubbery body absorbs attacks. (AC +1, EV +1)


Message History

The ooze closely misses you.
There are monsters nearby!
You hit the ooze.
Space bends around the ooze.
The ooze is heavily wounded.
The ooze hits you!
There are monsters nearby!
You are too injured to fight recklessly!
You are too injured to fight recklessly!
You hit the ooze.
The ooze is severely wounded.
The ooze hits you. x2
* * * LOW HITPOINT WARNING * * *
You barely miss the ooze.
The ooze is severely wounded.
The ooze barely misses you.
You hit the ooze but do no damage.
The ooze is severely wounded.
The ooze hits you.
You die...
Xom yawns loudly!

..................
.#######............
#........#..........
####...###....._...
###.###.......##
#...b.###...#.
#####....##......
...#####..............#.
#....@..#####.#..####.
#....J............
#....#.#######.)##
#....#.# #..# #......#
##.# .....w### #.
....... ...[...


You could see a worm and an ooze (berserk).

Vanquished Creatures
  A worm (D:2)
  4 dart slugs (D:1)
  4 bats
  4 giant cockroaches (D:1)
  2 goblins
  2 hobgoblins
  2 jackals (D:1)
  3 frilled lizards
  4 kobolds
  6 rats
32 creatures vanquished.

Notes
Turn   | Place    | Note
-------+----------+-------------------------------------------
     0 | D:1      | Maedhros the Octopode Chaos Knight began the quest for the
                  | Orb.
     0 | D:1      | Reached XP level 1. HP: 16/16 MP: 1/1
   173 | D:1      | XOM: divination: detect creatures
   180 | D:1      | Reached XP level 2. HP: 15/21 MP: 2/2
   184 | D:1      | XOM: silly message
   481 | D:1      | Reached skill level 4 in Polearms
   489 | D:1      | Reached XP level 3. HP: 26/26 MP: 3/3
   960 | D:2      | Found a shimmering altar of Xom.
  1094 | D:2      | Slain by an ooze

Levels and vault maps discovered:
D:1:      dpeg_arrival_shrine, layout_basic
D:2:      layout_rooms, xom_butterflies

Skill      XL: |  1  2 |
---------------+-------+-----
Polearms       | 4 |  4.5
Fighting       | |  3.0
Dodging        | |  2.3

Action                   || total
-------------------------++-------
Melee: Spear             ||    76
       Constrict         ||    15
       Tentacles         ||     8
 Stab: Sleeping          ||     7
Armor: Skin              ||     4
Dodge: Dodged            ||    21

Table legend:
 A = Non-vault XP
 B = Vault XP
 C = Vault XP percentage of total XP
 D = Non-vault monster count
 E = Vault monster count
 F = Vault count percentage of total count
                 A         B        C        D         E       F
            +---------+---------+-------+---------+---------+-------
      Total |      61 |       0 |   0.0 |      32 |       0 |   0.0
            +---------+---------+-------+---------+---------+-------
        D:1 |      46 |       0 |   0.0 |      23 |       0 |   0.0
        D:2 |      15 |       0 |   0.0 |       9 |       0 |   0.0
            +---------+---------+-------+---------+---------+-------
